[Event "56th Biel Festival MTO 2023"]
[White "Joly,Julien"]
[Black "Matta,Vinay Kumar"]
[Site "Biel"]
[Round "4.34"]
[Annotator "ChessBase"]
[Result "1/2-1/2"]
[Date "2023.07.20"]
[WhiteElo "2249"]
[BlackElo "2111"]
[PlyCount "83"]
[TimeControl "60"]

1. d4 Nf6 2. c4 e6 3. Nf3 d5 4. g3 dxc4 5. Bg2 c5 6. O-O Nc6 7. Qa4 Bd7 8. Qxc4 b5 9. Qd3 Qb6 10. dxc5 Bxc5 11. Nc3 Nb4 12. Qb1 Bc6 13. a3 Nbd5 14. Nxd5 Bxd5 15. b4 Be7 16. Be3 Qb7 17. Bd4 h6 18. Qb2 O-O 19. Rfc1 a5 20. Ne1 Bxg2 21. Nxg2 axb4 22. axb4 Rxa1 23. Rxa1 Ra8 24. Rxa8+ Qxa8 25. Nf4 Qc6 26. f3 Qc4 27. Nd3 h5 28. Kf1 h4 29. gxh4 Nd5 30. h5 f6 31. Bc5 Bxc5 32. bxc5 b4 33. Qc1 Qh4 34. Kg2 b3 35. e4 Qxh5 36. c6 Nc7 37. Qc4 Qg5+ 38. Kf1 Qe3 39. Qxb3 Qxf3+ 40. Kg1 Qe3+ 41. Kf1 Qf3+ 42. Kg1 1/2-1/2

[Event "56th Biel Festival MTO 2023"]
[White "Collin,Moritz Valentin"]
[Black "Lohia,Sohum"]
[Site "Biel"]
[Round "4.35"]
[Annotator "ChessBase"]
[Result "1-0"]
[Date "2023.07.20"]
[WhiteElo "2132"]
[BlackElo "2247"]
[PlyCount "75"]
[TimeControl "60"]

1. d4 Nf6 2. c4 e6 3. Nc3 Bb4 4. e3 O-O 5. Bd2 d5 6. Nf3 b6 7. cxd5 exd5 8. Bd3 Bd6 9. O-O Re8 10. Nb5 Bf8 11. Ne5 Ba6 12. Qa4 Bb7 13. Rac1 c5 14. Nc3 a6 15. a3 b5 16. Qd1 Bd6 17. f4 Nc6 18. Ne2 Qb6 19. Kh1 c4 20. Bb1 b4 21. axb4 Nxb4 22. Ng3 Bf8 23. Nh5 Bc8 24. Nxf6+ Qxf6 25. Qa4 Rxe5 26. fxe5 Qc6 27. Qd1 Be6 28. b3 Rd8 29. Bc3 a5 30. Qf3 a4 31. Bxb4 Bxb4 32. bxc4 a3 33. Ba2 Qd7 34. cxd5 Bxd5 35. Bxd5 Qxd5 36. Qxd5 Rxd5 37. Rc8+ Bf8 38. e6 1-0

[Event "56th Biel Festival MTO 2023"]
[White "Urh,Zala"]
[Black "Matsumura,Cocoro"]
[Site "Biel"]
[Round "4.36"]
[Annotator "ChessBase"]
[Result "1-0"]
[Date "2023.07.20"]
[WhiteElo "2231"]
[BlackElo "2081"]
[PlyCount "81"]
[TimeControl "60"]

1. d4 d5 2. Nf3 Nf6 3. Bf4 c5 4. e3 Nc6 5. Nbd2 Nh5 6. dxc5 Nxf4 7. exf4 g6 8. c3 Bg7 9. Nb3 O-O 10. Be2 Qc7 11. O-O Qxf4 12. Qxd5 Rd8 13. Qg5 Qxg5 14. Nxg5 Bf5 15. f4 a5 16. Bc4 e6 17. a4 Bf8 18. Rac1 Bh6 19. h4 Rd7 20. Rfd1 Rad8 21. Rxd7 Rxd7 22. Kf2 e5 23. g3 Kg7 24. Re1 exf4 25. gxf4 f6 26. Re8 Rd8 27. Rxd8 Nxd8 28. Nxa5 Kf8 29. Nxh7+ Ke7 30. Kf3 Bg7 31. Bd5 g5 32. Nxf6 Kxf6 33. hxg5+ Ke7 34. Nxb7 Be6 35. Be4 Nf7 36. a5 Bc4 37. Kg4 Kd7 38. Kh5 Bf8 39. Kg6 Be7 40. b3 Bxb3 41. a6 1-0

[Event "56th Biel Festival MTO 2023"]
[White "Akshit Kumar J"]
[Black "Costello,Alexander"]
[Site "Biel"]
[Round "4.37"]
[Annotator "NA RC"]
[Result "0-1"]
[Date "2023.07.20"]
[WhiteElo "2105"]
[BlackElo "2224"]
[PlyCount "82"]
[TimeControl "60"]

1. e4 e5 2. Nf3 Nc6 3. Bc4 Bc5 4. c3 Nf6 5. d3 a6 6. a4 d6 7. O-O h6 8. Nbd2 O-O 9. h3 Ba7 10. Re1 Re8 11. b4 Be6 12. Qc2 Qd7 13. Bxe6 Rxe6 14. Nc4 d5 15. exd5 Qxd5 16. Ne3 Bxe3 17. Rxe3 Qd7 18. Qb2 Nd5 19. b5 axb5 20. axb5 Rxa1 21. Qxa1 Nxe3 22. bxc6 Qxd3 23. Bxe3 bxc6 24. Qa5 Qd6 25. Nh4 Kh7 26. Nf5 Qd3 27. g4 Qd7 28. Qb4 h5 29. Kh2 g6 30. Nh6 hxg4 31. hxg4 f6 32. Kg3 Kg7 33. Qb3 Re8 34. Qc4 f5 35. gxf5 gxf5 36. Bg5 Kg6 37. f4 e4 38. Kh4 Kh7 39. Nf7 Qd2 40. Bf6 Qh2+ 41. Kg5 Qg3+ 0-1

[Event "56th Biel Festival MTO 2023"]
[White "Kamber,Bruno"]
[Black "Papaux,Steve"]
[Site "Biel"]
[Round "4.38"]
[Annotator "ChessBase"]
[Result "1-0"]
[Date "2023.07.20"]
[WhiteElo "2214"]
[BlackElo "2064"]
[PlyCount "107"]
[TimeControl "60"]

1. e4 e5 2. Nf3 Nc6 3. Bb5 a6 4. Ba4 Nf6 5. d3 b5 6. Bb3 Be7 7. a4 b4 8. Nbd2 a5 9. Nc4 d6 10. c3 O-O 11. Bg5 Be6 12. Bxf6 Bxf6 13. Ne3 Ne7 14. Bxe6 fxe6 15. Qb3 Qd7 16. cxb4 axb4 17. Qxb4 Rfb8 18. Qa3 c5 19. O-O Rb4 20. b3 Nc6 21. Nc2 Rb7 22. Rfb1 Bd8 23. Qc1 Rab8 24. Ra3 Na5 25. Na1 Rb4 26. Qd1 Qb7 27. Nc2 Rb6 28. Ne3 c4 29. dxc4 Qxe4 30. Nd2 Qd3 31. Rba1 Qg6 32. c5 Rb4 33. Nec4 d5 34. Nxe5 Qf5 35. Nef3 Bf6 36. Rb1 e5 37. Ne1 Rf4 38. b4 Rfxb4 39. Rxb4 Rxb4 40. Nc2 Rb2 41. Ne3 Qf4 42. Rd3 d4 43. g3 Qh6 44. Nec4 Nxc4 45. Nxc4 Rb4 46. Nd6 Be7 47. Rb3 Bxd6 48. Rxb4 Bxc5 49. Qb3+ Kf8 50. Rb8+ Ke7 51. Qb7+ Ke6 52. Re8+ Kf5 53. Qf3+ Kg5 54. h4+ 1-0

[Event "56th Biel Festival MTO 2023"]
[White "Ouellet,Maili-Jade"]
[Black "Pernutz,Hans-Gerhard"]
[Site "Biel"]
[Round "4.39"]
[Annotator "ChessBase"]
[Result "1-0"]
[Date "2023.07.20"]
[WhiteElo "2201"]
[BlackElo "2054"]
[PlyCount "57"]
[TimeControl "60"]

1. d4 d5 2. c4 dxc4 3. e4 e5 4. Nf3 Bb4+ 5. Nc3 exd4 6. Nxd4 Nd7 7. Bxc4 Bxc3+ 8. bxc3 Ngf6 9. O-O O-O 10. Qc2 Qe7 11. Re1 Ne5 12. Bf1 Re8 13. f4 Ng6 14. e5 Nd5 15. g3 Qc5 16. Bb2 Bd7 17. Qf2 b5 18. Rac1 c6 19. h4 Nb6 20. h5 Nf8 21. h6 Nc4 22. hxg7 Ng6 23. Bd3 Rad8 24. Ba1 Bg4 25. Be4 Bd7 26. Rc2 Qb6 27. Qh2 c5 28. Qh6 Ncxe5 29. Rh2 1-0

[Event "56th Biel Festival MTO 2023"]
[White "Lorscheid,Gerhard"]
[Black "Zhang,Lanlin"]
[Site "Biel"]
[Round "4.40"]
[Annotator "RC"]
[Result "1/2-1/2"]
[Date "2023.07.20"]
[WhiteElo "2099"]
[BlackElo "2194"]
[PlyCount "31"]
[TimeControl "60"]

1. Nf3 Nf6 2. c4 e6 3. g3 b6 4. Bg2 Bb7 5. b3 Be7 6. Bb2 O-O 7. O-O d6 8. d3 Nbd7 9. e4 a5 10. Nc3 Nc5 11. Qc2 Re8 12. Rfe1 e5 13. Nd5 Nxd5 14. exd5 Bf6 15. d4 exd4 16. Bxd4 1/2-1/2

[Event "56th Biel Festival MTO 2023"]
[White "Coles,Ruben"]
[Black "Rotunno,Flavio"]
[Site "Biel"]
[Round "4.41"]
[Annotator "ChessBase"]
[Result "1/2-1/2"]
[Date "2023.07.20"]
[WhiteElo "2167"]
[BlackElo "2005"]
[PlyCount "86"]
[TimeControl "60"]

1. e4 c5 2. Nf3 e6 3. b3 a6 4. g3 Nc6 5. Bg2 d5 6. exd5 exd5 7. O-O Nf6 8. d4 cxd4 9. Nxd4 Be7 10. Bb2 O-O 11. h3 Nxd4 12. Qxd4 Be6 13. Nc3 Qa5 14. Rad1 Rfd8 15. Qd2 Rac8 16. Ne4 Qxd2 17. Nxd2 Rxc2 18. Bd4 Rxa2 19. Nb1 Rc2 20. Nc3 Rc8 21. Bxf6 Bxf6 22. Nxd5 Bxd5 23. Rxd5 R2c7 24. Rfd1 Kf8 25. Rd6 Be7 26. R6d4 a5 27. Rd5 b6 28. Bf1 Bc5 29. Rd7 Rxd7 30. Rxd7 Rb8 31. Bb5 g6 32. Kg2 Re8 33. Bc4 Re7 34. Rd8+ Kg7 35. Kf3 Re5 36. Bd3 Re6 37. Kg2 Rd6 38. Rxd6 Bxd6 39. Bc4 g5 40. g4 Kf6 41. Kf3 Bc5 42. Ke2 h6 43. f3 Kg7 1/2-1/2

[Event "56th Biel Festival MTO 2023"]
[White "Ermitsch,Magnus"]
[Black "Hornung,Hans"]
[Site "Biel"]
[Round "4.42"]
[Annotator "ChessBase"]
[Result "1-0"]
[Date "2023.07.20"]
[WhiteElo "2232"]
[BlackElo "2047"]
[PlyCount "65"]
[TimeControl "60"]

1. e4 d5 2. exd5 Nf6 3. d4 Nxd5 4. c4 Nb6 5. Nc3 e5 6. Qe2 Be7 7. dxe5 Nc6 8. Be3 O-O 9. Rd1 Qe8 10. f4 Bb4 11. Qc2 f6 12. Bd3 fxe5 13. Bxh7+ Kh8 14. Bg6 Qe7 15. Qe2 Rf5 16. Bxf5 Bxf5 17. Qh5+ Bh7 18. Bxb6 axb6 19. Nge2 Bc5 20. Nd5 Bb4+ 21. Nec3 Qc5 22. a3 Bxc3+ 23. Nxc3 Qe3+ 24. Qe2 Qxf4 25. Nd5 Qh4+ 26. g3 Qh3 27. Rf1 Nd4 28. Qxe5 Nc2+ 29. Kd2 Qxh2+ 30. Qe2 Qxg3 31. Rh1 Qg6 32. Qh5 Qxh5 33. Rxh5 1-0

[Event "56th Biel Festival MTO 2023"]
[White "Kocharin,Timur"]
[Black "Schnell,Simon"]
[Site "Biel"]
[Round "4.43"]
[Annotator "RC"]
[Result "1-0"]
[Date "2023.07.20"]
[WhiteElo "2225"]
[BlackElo "2029"]
[PlyCount "145"]
[TimeControl "60"]

1. c4 Nf6 2. Nc3 e5 3. g3 d5 4. cxd5 Nxd5 5. Bg2 Nxc3 6. bxc3 Nc6 7. Bb2 Bc5 8. d3 O-O 9. Nf3 Rb8 10. O-O Qf6 11. Nd2 Qg6 12. Nb3 Bd6 13. c4 Re8 14. Qd2 Qh5 15. e3 Bh3 16. Qd1 Bg4 17. f3 Bh3 18. Qe2 Bxg2 19. Kxg2 Rbd8 20. Rad1 Bf8 21. a3 Re6 22. Rd2 Rde8 23. Qf2 Rh6 24. Kg1 Rhe6 25. Rfd1 Rf6 26. Rf1 Rfe6 27. Kh1 b6 28. Qe2 Nb8 29. Re1 c5 30. f4 Qxe2 31. Rdxe2 exf4 32. gxf4 f5 33. Kg2 Nc6 34. Kf3 g6 35. h3 Nd8 36. d4 Nb7 37. d5 R6e7 38. Nd2 Nd6 39. e4 fxe4+ 40. Nxe4 Nxe4 41. Rxe4 Kf7 42. Rxe7+ Bxe7 43. Re6 Rb8 44. Be5 Rb7 45. Rc6 Bd8 46. Ke4 b5 47. Rxc5 bxc4 48. Rxc4 Rb1 49. Rc8 Re1+ 50. Kd3 Ke7 51. Rb8 Bb6 52. Rb7+ Ke8 53. d6 Rd1+ 54. Kc4 h5 55. Rg7 a6 56. Rb7 Bf2 57. Re7+ Kd8 58. Rg7 Ke8 59. Rxg6 Kd7 60. Rg7+ Ke6 61. Re7+ Kf5 62. d7 Bh4 63. Rh7 Ke4 64. Rxh5 Be7 65. Rh7 Bd8 66. Kc5 Kf5 67. Kc6 Rc1+ 68. Kb7 Ke6 69. Kxa6 Rb1 70. Bc3 Rb8 71. Bb4 Kd5 72. Ka7 Rb5 73. Rh5+ 1-0

[Event "56th Biel Festival MTO 2023"]
[White "Jaksland,Tim"]
[Black "Ribiere,Damien"]
[Site "Biel"]
[Round "4.44"]
[Annotator "ChessBase"]
[Result "0-1"]
[Date "2023.07.20"]
[WhiteElo "2136"]
[BlackElo "2213"]
[PlyCount "62"]
[TimeControl "60"]

1. e4 e5 2. Nf3 Nc6 3. d4 exd4 4. Nxd4 Bc5 5. Nb3 Bb6 6. Nc3 Qf6 7. Qe2 Nge7 8. h4 d6 9. Bg5 Qe6 10. O-O-O Bd7 11. f3 O-O-O 12. Nd5 f6 13. Nxb6+ axb6 14. Bf4 f5 15. exf5 Qxf5 16. Qd2 Rhf8 17. Bg5 Qf7 18. Kb1 Rde8 19. Nd4 Nf5 20. Nxf5 Bxf5 21. Qc3 h6 22. Bc1 Re5 23. Bd3 Bxd3 24. Rxd3 Qg6 25. Rd2 Rfe8 26. b3 Re2 27. Rg1 R2e3 28. Qc4 Ne5 29. Qf4 Nxf3 30. Rf2 Re2 31. Rxe2 Rxe2 0-1

[Event "56th Biel Festival MTO 2023"]
[White "Jaivardhan Raj"]
[Black "Perkampus,Laurin"]
[Site "Biel"]
[Round "4.45"]
[Annotator "ChessBase"]
[Result "1-0"]
[Date "2023.07.20"]
[WhiteElo "2009"]
[BlackElo "2197"]
[PlyCount "129"]
[TimeControl "60"]

1. e4 c6 2. d4 d5 3. Nc3 dxe4 4. Nxe4 Nf6 5. Nxf6+ exf6 6. c3 Bd6 7. Bd3 O-O 8. Qc2 Re8+ 9. Ne2 h5 10. O-O h4 11. h3 Nd7 12. Be3 Nf8 13. Rad1 Be6 14. c4 Rc8 15. b3 Bb8 16. Qd2 Qd7 17. Bf4 Ng6 18. Bxb8 Rxb8 19. Qc2 Qc7 20. Rfe1 Ne7 21. Nc3 Rbd8 22. Be4 f5 23. Bf3 b5 24. Ne2 bxc4 25. bxc4 Nc8 26. Nc1 Nb6 27. Be2 f4 28. Nb3 Qc8 29. Na5 Bf5 30. Qc1 Re4 31. Bf3 Rxe1+ 32. Rxe1 Rxd4 33. Nxc6 Rxc4 34. Qxc4 Nxc4 35. Ne7+ Kf8 36. Nxc8 Bxc8 37. Re4 Be6 38. Rxf4 g5 39. Rd4 Ke7 40. Bd5 Nb6 41. Bxe6 Kxe6 42. Re4+ Kf6 43. Kf1 a5 44. Re1 Nd5 45. Rc1 Nb4 46. a3 Nd3 47. Rc6+ Kf5 48. Ra6 Kf4 49. Rxa5 f5 50. Rb5 g4 51. g3+ hxg3 52. fxg3+ Ke4 53. hxg4 fxg4 54. Ke2 Ne5 55. Rxe5+ Kxe5 56. Ke3 Kf5 57. a4 Ke5 58. a5 Kd5 59. Kf4 Kc5 60. Kxg4 Kb5 61. Kf5 Kxa5 62. g4 Kb6 63. g5 Kc7 64. Ke6 Kd8 65. Kf7 1-0

[Event "56th Biel Festival MTO 2023"]
[White "Gemelli,Romain"]
[Black "Adocchio,Giampiero"]
[Site "Biel"]
[Round "4.46"]
[Annotator "ChessBase"]
[Result "0-1"]
[Date "2023.07.20"]
[WhiteElo "2122"]
[BlackElo "2165"]
[PlyCount "74"]
[TimeControl "60"]

1. d4 d5 2. c4 c6 3. Nc3 Nf6 4. Nf3 e6 5. e3 Nbd7 6. Qc2 Bd6 7. Be2 O-O 8. O-O Qe7 9. Rd1 b6 10. e4 dxe4 11. Nxe4 Nxe4 12. Qxe4 Bb7 13. Bf4 Nf6 14. Bxd6 Qxd6 15. Qh4 Rfd8 16. a3 c5 17. Rd2 Qc7 18. Rad1 Ne4 19. Rd3 cxd4 20. Rxd4 Rxd4 21. Rxd4 Nf6 22. Qg5 h6 23. Qe5 Qe7 24. Qe3 Rd8 25. Ne5 Rd6 26. Qd3 Ne8 27. b4 Rxd4 28. Qxd4 Qg5 29. f3 f6 30. Nd3 Qg6 31. c5 bxc5 32. Nxc5 Bd5 33. Bd3 Qg5 34. Be4 Nc7 35. Nxe6 Qc1+ 36. Kf2 Bxe6 37. Qd8+ Kf7 0-1

[Event "56th Biel Festival MTO 2023"]
[White "Erne,Raphael"]
[Black "Ozcan,Kaan"]
[Site "Biel"]
[Round "4.47"]
[Annotator "ChessBase"]
[Result "0-1"]
[Date "2023.07.20"]
[WhiteElo "2077"]
[BlackElo "2196"]
[PlyCount "74"]
[TimeControl "60"]

1. c4 c5 2. g3 Nc6 3. Bg2 g6 4. Nc3 Bg7 5. Nf3 e6 6. d4 Nxd4 7. Nxd4 cxd4 8. Nb5 Qb6 9. e3 d5 10. Nxd4 dxc4 11. O-O Ne7 12. Qa4+ Bd7 13. Qa3 e5 14. Ne2 Nc6 15. Nc3 Bf8 16. Qa4 Nb4 17. Qd1 Bc6 18. Nd5 Nxd5 19. Bxd5 Rd8 20. Bxc6+ Qxc6 21. Qc2 Bg7 22. e4 O-O 23. Be3 a6 24. Rfc1 Rc8 25. a4 b5 26. axb5 axb5 27. b3 c3 28. b4 Qc4 29. Rab1 Rfd8 30. Rb3 Rd3 31. Ra1 Bf8 32. Re1 Be7 33. Rc1 Qxe4 34. Bd2 cxd2 35. Qxc8+ Kg7 36. Rxd3 dxc1=Q+ 37. Qxc1 Qxd3 0-1

[Event "56th Biel Festival MTO 2023"]
[White "Ammar,Sedrani"]
[Black "Giacomini,Hector"]
[Site "Biel"]
[Round "4.48"]
[Annotator "NA"]
[Result "1-0"]
[Date "2023.07.20"]
[WhiteElo "2154"]
[BlackElo "2126"]
[PlyCount "70"]
[TimeControl "60"]

1. d4 d5 2. c4 e6 3. Nc3 Nf6 4. cxd5 exd5 5. Bg5 Be7 6. e3 O-O 7. Bd3 Nbd7 8. Qc2 c6 9. Nf3 Re8 10. h3 Nf8 11. O-O Ng6 12. Ne5 Nd7 13. Bxe7 Qxe7 14. f4 Ndxe5 15. dxe5 f6 16. exf6 Qxf6 17. Rae1 Bd7 18. Kh2 Kh8 19. g3 Ne7 20. e4 Qh6 21. h4 dxe4 22. Nxe4 Bf5 23. Ng5 Qg6 24. Qb3 Nd5 25. Bxf5 Qxf5 26. Qxb7 Reb8 27. Qxc6 Rxb2+ 28. Kh1 Rf8 29. Re8 Rb8 30. Rfe1 Nf6 31. Rxf8+ Rxf8 32. Qe6 Qxe6 33. Rxe6 h6 34. Ne4 Ng4 35. Kg2 Rc8 1-0

[Event "56th Biel Festival MTO 2023"]
[White "Stijve,Niels"]
[Black "Ludwig,Peter"]
[Site "Biel"]
[Round "4.49"]
[Annotator "ChessBase"]
[Result "1-0"]
[Date "2023.07.20"]
[WhiteElo "2088"]
[BlackElo "2147"]
[PlyCount "69"]
[TimeControl "60"]

1. e4 e6 2. d4 d5 3. Nd2 Be7 4. Ngf3 Nd7 5. Bd3 c5 6. c3 cxd4 7. Nxd4 Ngf6 8. exd5 Nxd5 9. N2f3 a6 10. O-O Qc7 11. Ng5 N7f6 12. Qf3 h6 13. Ne4 Nxe4 14. Bxe4 Nf6 15. Bc2 Bd6 16. h3 Bd7 17. Re1 O-O-O 18. a4 Bc6 19. Nxc6 Qxc6 20. Qxc6+ bxc6 21. Be3 Rd7 22. Bd1 Rhd8 23. Bf3 Nd5 24. Bd4 Bf8 25. Be2 a5 26. Be5 Kb7 27. Bf3 f6 28. Bg3 e5 29. Rab1 Nb6 30. b4 axb4 31. cxb4 Nxa4 32. b5 Rd4 33. bxc6+ Kc8 34. Rec1 g6 35. c7 1-0

[Event "56th Biel Festival MTO 2023"]
[White "Bu,Xiangzhi"]
[Black "Liu,Yan"]
[Site "Biel"]
[Round "5.1"]
[Annotator "RC"]
[Result "1-0"]
[Date "2023.07.21"]
[WhiteElo "2676"]
[BlackElo "2542"]
[PlyCount "85"]
[TimeControl "60"]

1. Nf3 Nf6 2. c4 b6 3. g3 c5 4. Bg2 Bb7 5. O-O g6 6. d4 cxd4 7. Qxd4 Bg7 8. Nc3 d6 9. Rd1 Nbd7 10. Be3 Rc8 11. Rac1 O-O 12. Qh4 a6 13. b3 Re8 14. Bh3 h5 15. Ng5 Ba8 16. Qf4 Rf8 17. Qh4 Re8 18. Nge4 Rb8 19. Bg5 Nxe4 20. Nxe4 Nf6 21. Bg2 Nxe4 22. Bxe4 Bxe4 23. Qxe4 Qc8 24. h4 Qb7 25. Qd3 b5 26. cxb5 axb5 27. a4 Ra8 28. Qxb5 Qxb5 29. axb5 Rab8 30. Rd5 Bf8 31. Rc7 e6 32. Rd4 Rxb5 33. Rf4 f5 34. Ra4 Bg7 35. e3 Rxb3 36. Raa7 Be5 37. Rf7 Reb8 38. Rfe7 Kh8 39. Kg2 Rb2 40. Rxe6 R2b7 41. Rxb7 Rxb7 42. Rxg6 Bg7 43. Bf6 1-0

[Event "56th Biel Festival MTO 2023"]
[White "Samant Aditya S"]
[Black "Pranav Anand"]
[Site "Biel"]
[Round "5.2"]
[Annotator "RC"]
[Result "1/2-1/2"]
[Date "2023.07.21"]
[WhiteElo "2510"]
[BlackElo "2510"]
[PlyCount "197"]
[TimeControl "60"]

1. e4 c5 2. Nf3 Nc6 3. Bb5 e6 4. O-O Nge7 5. Re1 Nd4 6. Nxd4 cxd4 7. c3 a6 8. Bf1 Nc6 9. b4 Be7 10. a4 O-O 11. Na3 d5 12. exd5 Qxd5 13. Nc4 Rb8 14. Nb6 Qd8 15. a5 Qc7 16. Qb3 Rd8 17. Bb2 Bg5 18. cxd4 Nxd4 19. Bxd4 Rxd4 20. Rec1 Qd8 21. b5 axb5 22. Bxb5 Bxd2 23. Rc2 h6 24. g3 e5 25. Rxc8 Rxc8 26. Nxc8 Qxc8 27. a6 bxa6 28. Rxa6 Qf5 29. Bc4 Rd7 30. Ra8+ Kh7 31. Rf8 Be1 32. Qe3 Qb1 33. Kg2 Qb7+ 34. Qf3 Qxf3+ 35. Kxf3 Kg6 36. Ke2 Bb4 37. Rb8 Bc5 38. Rc8 Bd4 39. Bd3+ Kf6 40. Rc6+ Ke7 41. Be4 h5 42. Rc8 g6 43. h4 f5 44. Bc6 Ra7 45. Ra8 Rc7 46. Ra6 e4 47. f3 exf3+ 48. Kxf3 Be5 49. Kg2 Rc8 50. Bf3 Rc2+ 51. Kh3 Rc3 52. Kg2 Rc2+ 53. Kh3 Bd6 54. Ra1 Kf6 55. Re1 Rf2 56. Bg2 Kg7 57. Re6 Rd2 58. Bf3 Kh6 59. Re2 Rd4 60. Kg2 Bc7 61. Rc2 Bd8 62. Kh3 Kg7 63. Re2 Rc4 64. Rd2 Bc7 65. Kg2 Rc3 66. Re2 Kh7 67. Re1 Kh6 68. Re2 Rc4 69. Re1 Kg7 70. Re2 Bd8 71. Kh3 f4 72. Re8 Rc3 73. Kg2 Bc7 74. gxf4 Bxf4 75. Re6 Kf7 76. Rc6 Re3 77. Kf2 Re5 78. Bd1 Be3+ 79. Kg2 Kg7 80. Bc2 g5 81. hxg5 Bxg5 82. Bd1 Bf6 83. Bf3 Rb5 84. Rc2 Kg6 85. Rd2 Rb4 86. Rd5 Rb2+ 87. Kg3 h4+ 88. Kg4 Rb4+ 89. Kh3 Bg5 90. Rc5 Bf6 91. Rd5 Kf7 92. Rd6 Ke7 93. Ra6 Rb3 94. Kg4 h3 95. Ra7+ Ke6 96. Rh7 Rb4+ 97. Kxh3 Rh4+ 98. Rxh4 Bxh4 99. Kxh4 1/2-1/2

[Event "56th Biel Festival MTO 2023"]
[White "Deuer,Marius"]
[Black "Yuffa,Daniil"]
[Site "Biel"]
[Round "5.3"]
[Annotator "RC"]
[Result "1/2-1/2"]
[Date "2023.07.21"]
[WhiteElo "2374"]
[BlackElo "2603"]
[PlyCount "59"]
[TimeControl "60"]

1. d4 Nf6 2. c4 g6 3. g3 c5 4. d5 b5 5. cxb5 a6 6. bxa6 d6 7. Nc3 Bg7 8. Bg2 O-O 9. Nf3 Nxa6 10. O-O Bf5 11. Nh4 Bd7 12. Rb1 Qa5 13. Bd2 Rfb8 14. b3 Nb4 15. a4 Qd8 16. h3 Bc8 17. Bc1 h6 18. Re1 Ba6 19. Nf3 Nd7 20. Bb2 Qf8 21. Nd2 Nb6 22. Nf1 Bd4 23. a5 Qg7 24. Qd2 Nd7 25. Ne3 h5 26. Red1 Ra7 27. Ra1 Rab7 28. Na4 Bxb2 29. Nxb2 Ra7 30. f4 1/2-1/2

[Event "56th Biel Festival MTO 2023"]
[White "Aryan Chopra"]
[Black "Licznerski,Lukasz"]
[Site "Biel"]
[Round "5.5"]
[Annotator "RC"]
[Result "1-0"]
[Date "2023.07.21"]
[WhiteElo "2626"]
[BlackElo "2430"]
[PlyCount "105"]
[TimeControl "60"]

1. e4 e5 2. Nf3 Nc6 3. Bc4 Nf6 4. Ng5 d5 5. exd5 Na5 6. Bb5+ c6 7. dxc6 bxc6 8. Be2 h6 9. Nh3 Bc5 10. d3 O-O 11. O-O Nb7 12. Nc3 Bb6 13. Kh1 Nd6 14. Ng1 Bf5 15. Na4 Bc7 16. c4 Bh7 17. b3 e4 18. dxe4 Nfxe4 19. Nf3 Qe7 20. Ba3 Rad8 21. Qd4 Bb8 22. Qb2 Rfe8 23. Rae1 Qc7 24. g3 Qc8 25. Bd1 Nf6 26. Rxe8+ Rxe8 27. Kg2 Nde4 28. Re1 Ng4 29. Bc5 Nxc5 30. Rxe8+ Qxe8 31. Nxc5 Nf6 32. Bc2 Bxc2 33. Qxc2 Bd6 34. Na4 Bf8 35. Qd3 h5 36. Qd4 a5 37. Qe5 Qd8 38. Nd4 Bd6 39. Qe3 Qd7 40. Qf3 Bxg3 41. Nxc6 Bc7 42. Nc3 Qd6 43. h3 Qd2 44. Qe3 Qd6 45. Ne7+ Kh7 46. c5 Qh2+ 47. Kf1 Be5 48. c6 g5 49. Ke2 g4 50. Ne4 Nxe4 51. Qxe4+ Kh6 52. hxg4 h4 53. g5+ 1-0

[Event "56th Biel Festival MTO 2023"]
[White "Albornoz Cabrera,Carlos Daniel"]
[Black "Huang,Renjie"]
[Site "Biel"]
[Round "5.6"]
[Annotator "RC"]
[Result "1/2-1/2"]
[Date "2023.07.21"]
[WhiteElo "2591"]
[BlackElo "2445"]
[PlyCount "141"]
[TimeControl "60"]

1. e4 c5 2. Nf3 e6 3. d4 cxd4 4. Nxd4 Nf6 5. Nc3 Nc6 6. Nxc6 bxc6 7. e5 Nd5 8. Ne4 Bb7 9. Be2 c5 10. O-O Qc7 11. Nd6+ Bxd6 12. exd6 Qc6 13. f3 e5 14. c4 Nf4 15. Bxf4 exf4 16. Qd2 O-O 17. Bd3 Rae8 18. Rfe1 Re3 19. Rxe3 fxe3 20. Qxe3 Qxd6 21. Rd1 Qb6 22. b3 g6 23. h4 h5 24. Qe7 d5 25. Re1 Ba6 26. Re5 Qd8 27. Bf1 dxc4 28. Qxd8 Rxd8 29. bxc4 Rd2 30. a4 Ra2 31. Rxc5 Rxa4 32. Kf2 Bb7 33. Ke3 a5 34. Kd4 Kg7 35. Rc7 Ba6 36. Bd3 Ra2 37. Be4 Rxg2 38. Bd5 Rh2 39. Rxf7+ Kh6 40. Rf6 Bc8 41. Be4 Rg2 42. Ke5 Kg7 43. Rc6 Bf5 44. Bxf5 gxf5 45. Kxf5 Rg3 46. f4 Rg4 47. Rc7+ Kh6 48. Rc6+ Kg7 49. Rc7+ Kh6 50. Ra7 Rxh4 51. Ra6+ Kg7 52. Rxa5 Rh1 53. Ra7+ Kh6 54. Ra6+ Kg7 55. Ra7+ Kh6 56. Ra5 h4 57. c5 h3 58. Ra3 Rc1 59. Rxh3+ Kg7 60. Ke6 Rxc5 61. Rg3+ Kf8 62. Ra3 Rc6+ 63. Kf5 Rc5+ 64. Kg6 Rc6+ 65. Kg5 Rc5+ 66. f5 Rc6 67. Ra7 Rb6 68. Rh7 Ra6 69. Rh6 Rxh6 70. Kxh6 Kf7 71. f6 1/2-1/2

[Event "56th Biel Festival MTO 2023"]
[White "Muthaiah AL"]
[Black "Quesada Perez,Luis Ernesto"]
[Site "Biel"]
[Round "5.7"]
[Annotator "RC"]
[Result "1/2-1/2"]
[Date "2023.07.21"]
[WhiteElo "2445"]
[BlackElo "2553"]
[PlyCount "59"]
[TimeControl "60"]

1. d4 Nf6 2. Bf4 d6 3. Nc3 Nbd7 4. Nf3 c5 5. d5 b5 6. Nxb5 Qa5+ 7. Nc3 Rb8 8. Bd2 Rxb2 9. e4 g6 10. a4 Bh6 11. Bb5 Bxd2+ 12. Qxd2 O-O 13. O-O a6 14. Bd3 Bb7 15. Nd1 Rb4 16. Ne3 Rb8 17. Nc4 Qc7 18. Rfe1 Nb6 19. Nxb6 Rxb6 20. a5 Rb2 21. Qc1 Bc8 22. Nd2 c4 23. Nxc4 R2b5 24. Nb6 Rc5 25. c4 Nd7 26. Nxd7 Bxd7 27. Qa3 e5 28. dxe6 Bxe6 29. Red1 h5 30. h3 1/2-1/2

[Event "56th Biel Festival MTO 2023"]
[White "Ajay Krishna,S."]
[Black "Rodrigue-Lemieux,Shawn"]
[Site "Biel"]
[Round "5.8"]
[Annotator "RC"]
[Result "0-1"]
[Date "2023.07.21"]
[WhiteElo "2390"]
[BlackElo "2495"]
[PlyCount "76"]
[TimeControl "60"]

1. Nf3 d5 2. d4 Nf6 3. c3 c5 4. dxc5 e6 5. b4 a5 6. Nbd2 b6 7. cxb6 axb4 8. cxb4 Qxb6 9. a3 Bxb4 10. Rb1 Bxd2+ 11. Bxd2 Qc7 12. e3 O-O 13. Bb4 Re8 14. Be2 e5 15. O-O Nc6 16. Qc2 Ba6 17. Rfc1 Bxe2 18. Qxc6 Qd8 19. Qc7 d4 20. exd4 exd4 21. Qxd8 Raxd8 22. Nd2 Nd5 23. Nb3 Bd3 24. Rb2 Nc3 25. Ra1 Ne2+ 26. Kh1 Bc4 27. h3 g5 28. Kh2 g4 29. Re1 d3 30. Na5 Bd5 31. Rd1 Ba8 32. Nc4 Rd4 33. Ne3 g3+ 34. fxg3 Rxe3 35. Bc5 Bc6 36. Rdd2 Rxg3 37. Rxe2 dxe2 38. Rxe2 Rdd3 0-1

[Event "56th Biel Festival MTO 2023"]
[White "Peng,Xiongjian"]
[Black "Vantika Agrawal"]
[Site "Biel"]
[Round "5.9"]
[Annotator "RC"]
[Result "0-1"]
[Date "2023.07.21"]
[WhiteElo "2489"]
[BlackElo "2428"]
[PlyCount "144"]
[TimeControl "60"]

1. Nf3 Nf6 2. g3 g6 3. b3 Bg7 4. Bb2 d6 5. d4 c5 6. dxc5 Qa5+ 7. Nbd2 dxc5 8. Bg2 O-O 9. O-O Nc6 10. Qc1 Rd8 11. Rd1 Qc7 12. Nf1 Bf5 13. c4 Rxd1 14. Qxd1 Rd8 15. Qe1 Be4 16. Rd1 Rxd1 17. Qxd1 Qd8 18. Qc1 Qd6 19. N1d2 Bf5 20. h3 h5 21. Qa1 Bh6 22. e3 Ne4 23. Qc1 Bg7 24. Bxg7 Kxg7 25. g4 hxg4 26. hxg4 Nxd2 27. Nxd2 Bxg4 28. Ne4 Qe5 29. f4 Qf5 30. Qa3 Bh3 31. Bh1 Qg4+ 32. Kf2 b6 33. Qb2+ Kg8 34. Qd2 Qd7 35. Qc3 Bf5 36. Ng5 Nb4 37. a3 Qd3 38. Qxd3 Nxd3+ 39. Kg3 Nc1 40. b4 Bd3 41. bxc5 bxc5 42. Bd5 e6 43. Bc6 Kf8 44. Nf3 Bxc4 45. Ne5 Ba2 46. Bb5 Bd5 47. Nd7+ Ke7 48. Nxc5 Kd6 49. Na6 Na2 50. Bd3 Nc3 51. Kf2 Nd1+ 52. Ke2 Nb2 53. Nb4 Nxd3 54. Kxd3 a5 55. Nc2 e5 56. e4 Bb3 57. fxe5+ Kxe5 58. Nd4 a4 59. Ke3 Bd1 60. Nc6+ Kd6 61. Nb4 g5 62. Nd3 Bc2 63. Ne1 Bb3 64. Nd3 Bc4 65. Nf2 Kc5 66. Nd1 Be6 67. Nc3 Bd7 68. Nd5 Bc6 69. Ne7 Bb5 70. Nf5 Bd7 71. Nd4 Be6 72. Nf3 g4 0-1

[Event "56th Biel Festival MTO 2023"]
[White "Wang,Chen"]
[Black "Jain Kashish Manoj"]
[Site "Biel"]
[Round "5.10"]
[Annotator "RC"]
[Result "1-0"]
[Date "2023.07.21"]
[WhiteElo "2477"]
[BlackElo "2375"]
[PlyCount "93"]
[TimeControl "60"]

1. e4 c5 2. Nf3 d6 3. Bb5+ Nd7 4. Ba4 Ngf6 5. O-O g6 6. Qe2 Bg7 7. c3 O-O 8. d4 e5 9. dxe5 dxe5 10. c4 Nb6 11. Bb3 Bg4 12. Nc3 Ne8 13. Be3 Qe7 14. Rfd1 Kh8 15. h3 Bxf3 16. Qxf3 Rc8 17. a4 a5 18. Nb5 Nc7 19. Nd6 Ne6 20. Nxc8 Rxc8 21. Qe2 Nd4 22. Bxd4 cxd4 23. c5 Nd7 24. Qb5 Nxc5 25. Rac1 Bf8 26. Bd5 Qc7 27. Rc4 Kg7 28. Rdc1 b6 29. b4 axb4 30. Rxb4 Rd8 31. Qxb6 Qxb6 32. Rxb6 Nxa4 33. Rb7 Nc3 34. Rxf7+ Kh6 35. Kf1 Bb4 36. Rb7 Ba5 37. Ra7 Bb4 38. Rb7 Ba5 39. Ra1 Nxd5 40. Rxa5 Nc3 41. Raa7 Nxe4 42. Rxh7+ Kg5 43. Rhf7 Rb8 44. g3 d3 45. Kg2 Rb2 46. h4+ Kh5 47. Kh3 1-0